 Dungeon Crawl Stone Soup version 0.27.1 (webtiles) character file.

Game seed: 3655782161026160721

183147 DearestLeader the Gnoll Aeon (level 17, 0/133 HPs)
             Began as a Gnoll Necromancer on Sept 1, 2021.
             Was the Champion of Cheibriados.
             Hit by a javelin thrown by a merfolk javelineer (17 damage)
             ... on level 3 of the Shoals.
             The game lasted 02:15:46 (42560 turns).

DearestLeader the Gnoll Aeon (Gnoll Necromancer)   Turns: 42560, Time: 02:15:46

Health: 0/133      AC: 34    Str: 36    XL:     17   Next: 98%
Magic:  6/33       EV: 20    Int: 32    God:    Cheibriados [******]
Gold:   3219       SH: 21    Dex: 28    Spells: 15/41 levels left

rFire    . . .     SeeInvis +   A - +7 falchion of Ru's Delight {vorpal, rC+ Will+ Str+7}
rCold    + . .     Faith    .   X - +0 kite shield {reflect}
rNeg     . . .     Spirit   .   H - +8 chain mail of Dramatic Exits {Str+2 SInv}
rPois    +         Reflect  +   o - +2 helmet {SInv}
rElec    +         Harm     .   k - +2 cloak
rCorr    .         Rampage  .   w - +2 pair of gloves
Will     ++...                  n - +2 pair of boots {Stlth+}
Stlth    ++++......             j - amulet of the Middle {Reflect rElec Slay+2 SH+5}
HPRegen  0.32/turn              a - ring of poison resistance
MPRegen  0.23/turn              z - ring of flight

@: death channeling, flying, very slow
A: fangs 1, strong nose, distributed training
}: 1/15 runes: gossamer
a: Renounce Religion, Bend Time, Temporal Distortion, Slouch, Step From Time


You were on level 3 of the Shoals.
You worshipped Cheibriados.
Cheibriados was exalted by your worship.
You visited 6 branches of the dungeon, and saw 31 of its levels.
You also visited: Ossuary, Bailey and Volcano.

You collected 3967 gold pieces.
You spent 748 gold pieces at shops.

Inventory:

Hand Weapons
 y - a +3 hunting sling of flaming
 A - the +7 falchion of Ru's Delight (weapon) {vorpal, rC+ Will+ Str+7}
   (You found it on level 4 of the Dungeon)

   It inflicts extra damage upon your enemies.
   Str:       It affects your strength (+7).
   rC:        It protects you from cold.
   Will:      It increases your willpower.
 Z - the +8 quick blade "Niruu" {vorpal, +Rage Will+ Dex+4}
   (You bought it in a shop on level 9 of the Dungeon)

   It inflicts extra damage upon your enemies.
   Dex:       It affects your dexterity (+4).
   +Rage:     It lets you go berserk.
   Will:      It increases your willpower.
Missiles
 h - 4 throwing nets
 i - 250 sling bullets
 T - 17 javelins (quivered)
Armour
 k - a +2 cloak (worn)
 n - a +2 pair of boots of stealth (worn)
 o - a +2 helmet of see invisible (worn)
 w - a +2 pair of gloves (worn)
 H - the +8 chain mail of Dramatic Exits (worn) {Str+2 SInv}
   (You took it off an orc knight on level 2 of the Orcish Mines)

   Str:       It affects your strength (+2).
   SInv:      It lets you see invisible.
 X - a +0 kite shield of reflection (worn)
Jewellery
 a - a ring of poison resistance (left hand)
 b - a ring of protection from fire
 j - the amulet of the Middle (around neck) {Reflect rElec Slay+2 SH+5}
   (You acquired it in a bailey)

   [amulet of reflection]

   It reflects blocked missile attacks.
   Slay:      It affects your accuracy & damage with ranged weapons and melee
   (+2).
   rElec:     It insulates you from electricity.
   SH:        It affects your SH (+5).
 p - a ring of willpower
 u - a ring of positive energy
 z - a ring of flight (right hand)
 L - a ring of resist corrosion
 N - a ring of protection from fire
 P - a ring of willpower
Wands
 r - a wand of flame (185)
 s - a wand of mindburst (37)
 D - a wand of paralysis (12)
 E - a wand of digging (8)
 I - a wand of polymorph (33)
 M - a wand of iceblast (55)
 S - a wand of acid (50)
Scrolls
 l - 2 scrolls of magic mapping
 m - 12 scrolls of teleportation
 q - 2 scrolls of fear
 t - 12 scrolls of amnesia
 C - 7 scrolls of enchant armour
 F - 2 scrolls of enchant weapon
 G - 4 scrolls of summoning
 O - 3 scrolls of fog
 R - 3 scrolls of blinking
 V - a scroll of brand weapon
 W - 2 scrolls of identify
Potions
 c - a potion of cancellation
 d - 7 potions of might
 e - 3 potions of curing
 f - 2 potions of magic
 g - a potion of invisibility
 v - 2 potions of brilliance
 B - a potion of resistance
 J - a potion of flight
 Q - 6 potions of mutation
 U - 3 potions of ambrosia
Miscellaneous
 K - a phantom mirror


   Skills:
 + Level 11.8 Fighting
 + Level 11.8 Short Blades
 + Level 11.8 Long Blades
 + Level 11.8 Axes
 + Level 11.8 Maces & Flails
 + Level 11.8 Polearms
 + Level 11.8 Staves
 + Level 11.8 Slings
 + Level 11.8 Bows
 + Level 11.8 Crossbows
 + Level 11.8 Throwing
 + Level 11.8 Armour
 + Level 12.6 Dodging
 + Level 12.5 Stealth
 + Level 11.8 Shields
 + Level 11.8 Unarmed Combat
 + Level 12.7 Spellcasting
 + Level 10.1 Conjurations
 + Level 10.1 Hexes
 + Level 10.1 Summonings
 + Level 12.1 Necromancy
 + Level 10.1 Translocations
 + Level 10.1 Transmutations
 + Level 10.1 Fire Magic
 + Level 10.1 Ice Magic
 + Level 10.1 Air Magic
 + Level 10.1 Earth Magic
 + Level 10.1 Poison Magic
 + Level 12.8 Invocations
 + Level 11.8 Evocations


You had 15 spell levels left.
You knew the following spells:

 Your Spells              Type           Power      Damage    Failure   Level
a - Pain                  Necr           100%       1d9       1%          1
b - Animate Skeleton      Necr           100%       N/A       1%          1
c - Vampiric Draining     Necr           39%        2d11      1%          3
d - Dispel Undead         Necr           78%        3d26      1%          4
e - Summon Mana Viper     Hex/Summ       71%        N/A       4%          5
f - Death Channel         Necr           39%        N/A       11%         6
g - Statue Form           Tmut/Erth      47%        N/A       24%         6

Your spell library contained the following spells:

 Spells                   Type           Power      Damage    Failure   Level
 Apportation              Tloc           100%       N/A       1%          1
 Corona                   Hex            78%        N/A       1%          1
 Foxfire                  Conj/Fire      100%       2x1d9     1%          1
 Shock                    Conj/Air       100%       1d9       1%          1
 Sting                    Tmut/Pois      100%       1d8       1%          1
 Summon Small Mammal      Summ           100%       N/A       1%          1
 Corpse Rot               Necr/Air       N/A        N/A       1%          2
 Poisonous Vapours        Pois/Air       100%       N/A       1%          2
 Static Discharge         Conj/Air       71%        N/A       1%          2
 Call Canine Familiar     Summ           71%        N/A       1%          3
 Conjure Flame            Conj/Fire      71%        6-21      1%          3
 Ignite Poison            Fire/Tmut/Pois 71%        N/A       1%          3
 Inner Flame              Hex/Fire       71%        N/A       1%          3
 Ozocubu's Armour         Ice            71%        N/A       1%          3
 Spider Form              Tmut/Pois      35%        N/A       1%          3
 Summon Guardian Golem    Hex/Summ       71%        N/A       1%          3
 Swiftness                Air            71%        N/A       1%          3
 Airstrike                Air            35%        N/A       1%          4
 Animate Armour           Summ/Erth      100%       N/A       1%          4
 Animate Dead             Necr           39%        N/A       1%          4
 Leda's Liquefaction      Hex/Erth       35%        N/A       1%          4
 Olgreb's Toxic Radiance  Pois           71%        N/A       1%          4
 Sticky Flame             Conj/Fire      71%        2d8       1%          4
 Agony                    Necr           78%        N/A       1%          5
 Blade Hands              Tmut           35%        N/A       4%          5
 Bolt of Magma            Conj/Fire/Erth 35%        4d15      4%          5
 Metabolic Englaciation   Hex/Ice        35%        N/A       4%          5
 Silence                  Hex/Air        35%        N/A       4%          5
 Simulacrum               Ice/Necr       37%        N/A       16%         6
 Iron Shot                Conj/Erth      35%        9d7       24%         6
 Starburst                Conj/Fire      35%        6d10      24%         6
 Ozocubu's Refrigeration  Ice            35%        4d12      80%         7


Dungeon Overview and Level Annotations

Branches:
Dungeon (15/15)            Temple (1/1) D:4            Lair (6/6) D:10
 Shoals (3/4) Lair:2       Spider (4/4) Lair:4        Slime (0/5) Lair:6
    Orc (2/2) D:9             Elf (0/3) Orc:2        Vaults (0/5) D:14
 Depths (0/5) D:15        Ossuary (visited)          Bailey (visited)
Volcano (visited)

Altars:
Ashenzari
Cheibriados
Dithmenos
Fedhas
Gozag
Hepliaklqana
Makhleb
Qazlal
Ru
Sif Muna
Trog
Uskayaw
Xom
Yredelemnul
Zin
The Shining One
Beogh
Jiyva
Lugonu

Shops:
D:1 [   D:3 (*!   D:9 (   D:14 *   Orc:2 (=*((

Portals:
Abyss: Shoals:1

Annotations:
D:7 2 transporters
D:13 3 runed translucent doors, Iplucs's ghost, journeyman FeBe
Lair:2 2 transporters
Lair:6 1 runed translucent door, kthxbai's ghost, journeyman MiAK
Shoals:3 Ilsuiw; Mara
Orc:1 Segg's ghost, adept GnSk


Innate Abilities, Weirdness & Mutations

You have very sharp teeth.
Your uncanny sense of smell can sniff out nearby items.
Your experience applies equally to all skills.


Message History

The merfolk is engulfed in a cloud of scalding steam.
The merfolk moves out of view.
Casting: Vampiric Draining (safe; 1% risk of failure)
Confirm with . or Enter, or press ? or * to list all spells.
Aiming: Pain (safe; 1% risk of failure)
Press: ? - help, Shift-Dir - straight line, f/p - merfolk
Aim: a merfolk, wielding a +0 trident (almost dead, chance to affect: 71%)
The merfolk writhes in agony!
You kill the merfolk!
Cheibriados thoroughly appreciates the change of pace.
You hear a splash.
A glowing mist starts to gather...
The merfolk aquamancer points at you and mumbles some strange words.
The shard of ice hits you!! You partially resist.
* * * LOW HITPOINT WARNING * * *
The wind drake flaps its wings at you. The air twists around and strikes you!
* * * LOW HITPOINT WARNING * * *
You feel much better.
You hear an eerie melody.
A merfolk javelineer comes into view. It is wielding a +0 spear.
Your spectral merfolk hits the merfolk aquamancer!
The merfolk aquamancer dies!
Cheibriados thoroughly appreciates the change of pace.
A glowing mist starts to gather...
Unknown command.
Something bites your spectral merfolk but does no damage.
The wind drake flaps its wings at you. The air twists around and strikes you!
* * * LOW HITPOINT WARNING * * *
The merfolk javelineer throws a javelin.
The javelin pierces through you.
* * * LOW HITPOINT WARNING * * *
The merfolk javelineer throws a javelin.
The javelin pierces through you.
* * * LOW HITPOINT WARNING * * *
There is a stone staircase leading up here.
The merfolk javelineer throws a javelin.
The javelin pierces through you!
You die...

#≈≈≈≈≈≈≈≈≈.m#
#≈≈≈≈≈≈≈≈≈≈.## ≈≈≈
#≈≈≈≈≈≈≈≈≈≈..###≈≈≈≈≈..≈..
#≈≈≈≈≈≈≈≈≈m≈....≈≈≈≈≈..≈≈≈
#≈≈≈≈≈≈)≈≈≈≈≈.≈≈≈≈≈≈≈≈..≈≈
#≈≈≈≈≈≈k≈≈≈≈≈≈≈≈≈≈.≈≈≈≈≈≈≈
#≈≈≈≈≈≈.)..≈≈≈≈≈≈....≈≈.P≈
#≈≈≈≈≈≈m##..≈≈≈≈≈≈...≈≈≈≈≈
#≈≈≈≈≈≈ZZ@.≈≈≈≈.#.≈≈≈...P≈
#≈≈≈≈≈≈≈≈≈≈≈≈≈..##.≈≈≈...P
#≈≈≈≈≈≈≈≈≈≈≈≈≈≈.....≈..###
#≈≈≈≈≈≈≈≈≈≈≈≈≈≈≈≈≈.≈≈.## #
#≈≈≈≈≈≈≈≈≈≈≈≈≈≈≈≈≈≈≈≈..###
#≈≈≈≈≈≈≈≈≈≈≈≈≈≈≈≈≈≈≈≈≈..#.
#≈≈≈≈≈≈≈≈≈≈≈≈≈≈≈≈.≈≈≈≈≈...
#≈≈≈≈≈≈≈≈≈≈≈≈≈≈≈≈.≈≈≈≈≈≈≈≈
≈≈≈≈≈≈≈......≈≈≈≈≈≈≈≈


You could see a merfolk javelineer, a merfolk, a friendly spectral merfolk and a
friendly spectral merfolk aquamancer.

Vanquished Creatures
  Nikola (Spider:3)
  Arachne (Spider:4)
  Asterion (Spider:4)
  Donald (Shoals:1)
  5 emperor scorpions
  3 ghost moths
  A stone giant (D:15)
  The ghost of Tutankhamun the Protected, a journeyman FoFi of Ashenzari (Orc:2)
  A spark wasp (Spider:3)
  Snorg (D:14)
  A merfolk impaler (Shoals:2)
  A yaktaur captain (D:9)
  A rakshasa (D:9)
  3 boulder beetles
  The ghost of DoubleLucky the Fighter, a novice MiBe of Trog (D:8)
  6 two-headed ogres
  A merfolk avatar (Shoals:2)
  3 tengu warriors
  2 centaur warriors
  An orc high priest (Orc:2)
  6 death yaks (Lair:6)
  Sonja (D:11)
  A fire crab (D:13)
  A wretched star (Shoals:1)
  4 sea snakes
  5 wizards
  2 deep elf pyromancers
  5 harpies
  A necromancer (D:14)
  10 orc knights (Orc:2)
  A shining eye (shapeshifter) (D:15)
  A wolf spider zombie (D:14)
  A faun (Shoals:2)
  9 ugly things
  2 orc sorcerers
  4 cyclopes
  2 orb spiders
  2 manticores
  16 wolf spiders
  4 moths of wrath
  A worldbinder (Shoals:1)
  3 merfolk sirens
  3 toenail golems (Volcano)
  2 water nymphs (Shoals:2)
  Maurice (Orc:2)
  2 apocalypse crabs (Shoals:1)
  A black mamba (Lair:6)
  3 torpor snails
  15 cane toads
  An unseen horror (D:12)
  A freezing wraith (D:14)
  A rime drake (Lair:1)
  2 kobold demonologists
  2 tengu conjurers
  2 efreet
  A komodo dragon (Lair:1)
  11 demonic crawlers
  An ancient zyme (Shoals:1)
  12 jumping spiders
  6 trolls
  A harpy zombie (D:14)
  13 merfolk
  3 tyrant leeches (Lair:6)
  3 polar bears
  12 hornets
  3 meliai zombies
  5 dream sheep (Lair:6)
  5 slime creatures
  Sigmund (D:2)
  17 blink frogs
  11 water elementals
  A spriggan (Lair:5)
  A centaur simulacrum (D:13)
  2 shadows
  4 wraiths
  35 redbacks
  7 wyverns
  A yak (shapeshifter) (D:15)
  12 tarantellas
  28 yaks
  3 basilisks
  2 steam dragons (D:9)
  A spatial vortex (Shoals:1)
  A golden eye (shapeshifter) (D:9)
  The ghost of Jabberih the Conjurer, an amateur DrCj (D:4)
  10 vampire mosquitoes
  Menkaure (D:6)
  8 wargs
  6 acid dragons
  Duvessa (D:7)
  12 water moccasins
  2 nameless horrors
  9 black bears
  2 sky beasts
  36 orc warriors
  4 ice beasts
  A hornet zombie (D:14)
  3 necrophages
  10 ogres
  9 wolves
  13 centaurs
  16 bullfrogs
  10 scorpions
  A water moccasin zombie (D:5)
  Dowan (D:7)
  3 wights (D:8)
  17 killer bees
  6 electric eels
  7 howler monkeys
  A bullfrog zombie (D:6)
  19 centaur zombies
  A human zombie (Ossuary)
  13 orc priests
  Crazy Yiuf (D:7)
  5 hounds
  A jelly (D:5)
  An iguana (D:4)
  16 orc wizards
  4 scorpion zombies (Ossuary)
  A killer bee zombie (D:6)
  3 mummies (Ossuary)
  4 howler monkey zombies
  3 gnolls
  7 adders
  2 shadow imps (D:7)
  An ufetubus (D:4)
  An adder zombie (D:4)
  A worm (D:2)
  69 orcs
  5 bats
  10 endoplasms
  3 giant cockroaches
  4 gnoll zombies (Ossuary)
  16 goblins
  20 hobgoblins
  2 jackals (D:1)
  4 quokkas
  8 ball pythons
  8 frilled lizards
  A goblin zombie (Ossuary)
  2 hobgoblin zombies (Ossuary)
  13 kobolds
  3 kobold zombies (Ossuary)
  An orc zombie (Ossuary)
  4 rats
804 creatures vanquished.

Vanquished Creatures (collateral kills)
  Agnes (D:14)
  Roxanne (Spider:4)
  2 ghost moths
  7 emperor scorpions
  Nessos (D:14)
  6 hydras
  2 centaur warriors
  Erolcha (Orc:1)
  2 boulder beetles
  A merfolk aquamancer (Shoals:3)
  A dancing weapon (Volcano)
  A two-headed ogre (D:14)
  A death knight (D:12)
  A tengu warrior (D:15)
  A death yak (Lair:6)
  An orc high priest (Bailey)
  2 sea snakes (Shoals:2)
  2 wizards (Volcano)
  A harpy (Shoals:2)
  20 orb spiders
  3 oklob plants (Lair:4)
  An ugly thing (D:15)
  A cyclops (Shoals:2)
  An orc sorcerer (Orc:1)
  2 manticores
  2 orc knights
  19 wolf spiders
  3 fauns (Shoals:3)
  A merfolk siren (Shoals:3)
  A moth of wrath (Spider:4)
  2 toenail golems (Volcano)
  2 torpor snails
  5 cane toads (Lair:6)
  An apocalypse crab (Shoals:1)
  An efreet (D:15)
  10 demonic crawlers
  2 merfolk
  A troll (Orc:1)
  18 jumping spiders
  A polar bear (Lair:3)
  A tyrant leech (Lair:6)
  A hornet (Spider:4)
  3 dream sheep
  2 blink frogs (Lair:3)
  7 slime creatures
  13 tarantellas
  21 redbacks
  5 yaks
  2 basilisks
  3 water elementals (Shoals:2)
  2 chaos spawn (Shoals:1)
  2 water moccasins (Lair:6)
  A nameless horror (Lair:6)
  7 orc warriors
  A black bear (Lair:1)
  A wolf (Lair:6)
  3 centaurs
  3 bullfrogs (Lair:6)
  A howler monkey (D:9)
  An electric eel (Lair:6)
  7 orc wizards
  A gnoll (Bailey)
  An adder (D:2)
  9 orcs
  A goblin (Bailey)
  2 hobgoblins (Bailey)
  2 kobolds (D:11)
235 creatures vanquished.

Vanquished Creatures (others)
  A cane toad (Lair:6)
  A redback (Spider:4)
  A tarantella (Spider:3)
  A bush (Lair:6)
  21 fungi
  149 plants
174 creatures vanquished.

Grand Total: 1213 creatures vanquished

Notes
Turn   | Place    | Note
-------+----------+-------------------------------------------
     0 | D:1      | DearestLeader the Gnoll Necromancer began the quest for the
                  | Orb.
     0 | D:1      | Reached XP level 1. HP: 13/13 MP: 6/6
     2 | D:1      | Learned a level 1 spell: Animate Skeleton
   325 | D:1      | Reached XP level 2. HP: 17/19 MP: 5/7
   702 | D:1      | Reached XP level 3. HP: 15/25 MP: 1/9
   706 | D:1      | Learned a level 3 spell: Vampiric Draining
   910 | D:1      | Reached skill level 5 in Spellcasting
  1006 | D:1      | Found Negaem's Antique Armour Shoppe.
  1698 | D:2      | Reached skill level 1 in Invocations
  1784 | D:2      | Reached skill level 1 in Fighting
  1784 | D:2      | Reached skill level 1 in Short Blades
  1784 | D:2      | Reached skill level 1 in Long Blades
  1784 | D:2      | Reached skill level 1 in Axes
  1784 | D:2      | Reached skill level 1 in Maces & Flails
  1784 | D:2      | Reached skill level 1 in Polearms
  1784 | D:2      | Reached skill level 1 in Staves
  1784 | D:2      | Reached skill level 1 in Slings
  1784 | D:2      | Reached skill level 1 in Bows
  1784 | D:2      | Reached skill level 1 in Crossbows
  1784 | D:2      | Reached skill level 1 in Throwing
  1784 | D:2      | Reached skill level 1 in Armour
  1784 | D:2      | Reached skill level 1 in Shields
  1784 | D:2      | Reached skill level 1 in Unarmed Combat
  1784 | D:2      | Reached skill level 1 in Evocations
  2026 | D:2      | Reached XP level 4. HP: 8/32 MP: 1/11
  2319 | D:2      | Reached skill level 1 in Conjurations
  2319 | D:2      | Reached skill level 1 in Hexes
  2319 | D:2      | Reached skill level 1 in Summonings
  2319 | D:2      | Reached skill level 1 in Translocations
  2319 | D:2      | Reached skill level 1 in Transmutations
  2319 | D:2      | Reached skill level 1 in Fire Magic
  2319 | D:2      | Reached skill level 1 in Ice Magic
  2319 | D:2      | Reached skill level 1 in Air Magic
  2319 | D:2      | Reached skill level 1 in Earth Magic
  2319 | D:2      | Reached skill level 1 in Poison Magic
  2481 | D:2      | Reached XP level 5. HP: 34/37 MP: 5/12
  2486 | D:2      | Learned a level 4 spell: Dispel Undead
  2944 | D:2      | Noticed Sigmund
  2955 | D:2      | Killed Sigmund
  2956 | D:2      | Reached skill level 5 in Dodging
  2956 | D:2      | Reached XP level 6. HP: 23/44 MP: 1/14
  3343 | D:3      | Found Quidafos's General Store.
  3544 | D:3      | Found Jokkorug's Antique Weapon Shoppe.
  3702 | D:3      | Found Ylown's Distillery.
  3843 | D:3      | Bought a glowing hunting sling for 81 gold pieces
  3937 | D:4      | Found a sand-covered staircase.
  3945 | Ossuary  | Entered an ossuary
  4203 | Ossuary  | Reached XP level 7. HP: 22/50 MP: 15/15
  4768 | Ossuary  | Reached skill level 5 in Stealth
  4920 | Ossuary  | Reached XP level 8. HP: 48/57 MP: 12/16
  5517 | D:4      | Identified the +7 falchion of Ru's Delight {vorpal, rC+
                  | Will+ Str+7}
  5604 | D:4      | Found a staircase to the Ecumenical Temple.
  5805 | Temple   | Entered the Ecumenical Temple
  5842 | Temple   | Became a worshipper of Cheibriados the Contemplative
  6295 | D:4      | Noticed Jabberih's ghost (amateur DrCj)
  6300 | D:4      | Found a runed translucent gate.
  6300 | D:4      | Found a runed translucent gate.
  6314 | D:4      | Found a runed translucent gate.
  6703 | D:5      | Entered Level 5 of the Dungeon
  6931 | D:5      | Reached * piety under Cheibriados
  7115 | D:5      | Reached XP level 9. HP: 65/65 MP: 18/18
  7341 | D:5      | Found a hide-covered altar of Uskayaw.
  8019 | D:6      | Noticed Menkaure
  8026 | D:6      | Killed Menkaure
  8340 | D:6      | Found a glowing silver altar of Zin.
  8609 | D:7      | Found a shimmering blue altar of Sif Muna.
  8624 | D:7      | Found a bloodstained altar of Trog.
  8642 | D:7      | Found a broken altar of Ashenzari.
  8662 | D:7      | Found a basalt altar of Yredelemnul.
  8768 | D:7      | Found a transporter.
  8782 | D:7      | Noticed Dowan
  8786 | D:7      | Noticed Duvessa
  8788 | D:7      | Killed Dowan
  8795 | D:7      | Noticed a hornet
  8809 | D:7      | Killed Duvessa
  8809 | D:7      | Reached ** piety under Cheibriados
  8810 | D:7      | Reached skill level 5 in Invocations
  8823 | D:7      | Killed a hornet
  8995 | D:7      | Found a glowing golden altar of the Shining One.
  8995 | D:7      | Found a transporter.
  8997 | D:7      | Noticed a cyclops
  9005 | D:7      | Noticed a boulder beetle
  9041 | D:7      | Reached XP level 10. HP: 67/73 MP: 7/20
  9509 | D:7      | Found a runed translucent door.
  9510 | D:7      | Noticed Crazy Yiuf
  9576 | D:7      | Killed Crazy Yiuf
  9577 | D:7      | Reached skill level 5 in Fighting
  9577 | D:7      | Reached skill level 5 in Short Blades
  9577 | D:7      | Reached skill level 5 in Long Blades
  9577 | D:7      | Reached skill level 5 in Axes
  9577 | D:7      | Reached skill level 5 in Maces & Flails
  9577 | D:7      | Reached skill level 5 in Polearms
  9577 | D:7      | Reached skill level 5 in Staves
  9577 | D:7      | Reached skill level 5 in Slings
  9577 | D:7      | Reached skill level 5 in Bows
  9577 | D:7      | Reached skill level 5 in Crossbows
  9577 | D:7      | Reached skill level 5 in Throwing
  9577 | D:7      | Reached skill level 5 in Armour
  9577 | D:7      | Reached skill level 5 in Shields
  9577 | D:7      | Reached skill level 5 in Unarmed Combat
  9577 | D:7      | Reached skill level 5 in Evocations
  9777 | D:8      | Found a runed translucent door.
  9777 | D:8      | Noticed DoubleLucky's ghost (novice MiBe)
  9809 | D:8      | Reached *** piety under Cheibriados
 10072 | D:8      | Noticed an eight-headed hydra
 10177 | D:8      | Found a shadowy altar of Dithmenos.
 10706 | D:9      | Found a staircase to the Orcish Mines.
 10884 | D:9      | Noticed a yaktaur captain
 10905 | D:9      | Killed a yaktaur captain
 10906 | D:9      | Reached XP level 11. HP: 59/81 MP: 5/22
 10911 | D:9      | Reached **** piety under Cheibriados
 10926 | D:9      | Reached skill level 5 in Conjurations
 10926 | D:9      | Reached skill level 5 in Hexes
 10926 | D:9      | Reached skill level 5 in Summonings
 10926 | D:9      | Reached skill level 5 in Translocations
 10926 | D:9      | Reached skill level 5 in Transmutations
 10926 | D:9      | Reached skill level 5 in Fire Magic
 10926 | D:9      | Reached skill level 5 in Ice Magic
 10926 | D:9      | Reached skill level 5 in Air Magic
 10926 | D:9      | Reached skill level 5 in Earth Magic
 10926 | D:9      | Reached skill level 5 in Poison Magic
 11100 | D:9      | Got the Almanac of Supportive Ignition
 11105 | D:9      | Noticed a tengu warrior
 11135 | D:9      | Killed a tengu warrior
 11230 | D:9      | Noticed a boulder beetle
 11230 | D:9      | Noticed a rakshasa
 11304 | D:9      | Noticed a tengu warrior
 11309 | D:9      | Noticed a cyan ugly thing
 11471 | D:9      | Killed a tengu warrior
 11689 | D:9      | Noticed a boulder beetle
 11707 | D:9      | Killed a boulder beetle
 11834 | D:9      | Identified the +6 ring mail "Ostruos" {Str+7}
 11904 | D:9      | Reached ***** piety under Cheibriados
 12009 | D:9      | Killed a cyan ugly thing
 12108 | D:9      | Noticed a centaur warrior
 12114 | D:9      | Killed a centaur warrior
 12115 | D:9      | Reached XP level 12. HP: 84/89 MP: 24/24
 12122 | D:9      | Learned a level 5 spell: Summon Mana Viper
 12187 | D:9      | Killed a rakshasa
 12276 | D:9      | Noticed a boulder beetle
 12287 | D:9      | Killed a boulder beetle
 12411 | D:9      | Killed a boulder beetle
 12618 | D:9      | Found Reenn's Antique Weapon Boutique.
 12625 | D:9      | Bought a crude quick blade for 460 gold pieces
 12625 | D:9      | Identified the +8 quick blade "Niruu" {vorpal, +Rage Will+
                  | Dex+4} (You bought it in a shop on level 9 of the Dungeon)
 12800 | D:10     | Entered Level 10 of the Dungeon
 13001 | D:10     | Identified a scroll of acquirement
 13003 | D:10     | Acquired Ozocubu's Autobiography
 13284 | D:10     | Found a staircase to the Lair.
 13553 | Lair:1   | Entered Level 1 of the Lair of Beasts
 15288 | Lair:2   | Found a transporter.
 15394 | Lair:2   | Found a transporter.
 15689 | Lair:2   | Found a staircase to the Shoals.
 16557 | Lair:3   | Noticed an eight-headed hydra
 16565 | Lair:3   | Killed an eight-headed hydra
 16838 | Lair:3   | Noticed a six-headed hydra
 16846 | Lair:3   | Killed a six-headed hydra
 17605 | Lair:3   | Reached XP level 13. HP: 90/98 MP: 24/26
 17952 | Lair:4   | Got the Handbook of Feathery Poison
 18055 | Lair:4   | Found a hole to the Spider Nest.
 18328 | Lair:4   | Identified the +6 leather armour "Fiklys" {Regen+ Str-3
                  | Stlth+}
 18875 | Lair:5   | Reached ****** piety under Cheibriados
 18925 | Lair:5   | Identified the +5 whip "Omoaj" {vorpal, Int+5}
 19834 | Lair:6   | Entered Level 6 of the Lair of Beasts
 19895 | Lair:6   | Reached skill level 10 in Necromancy
 20425 | Lair:6   | Found a viscous altar of Jiyva.
 20426 | Lair:6   | Found a staircase to the Slime Pits.
 20486 | Lair:6   | Reached skill level 10 in Spellcasting
 20863 | Lair:6   | Reached XP level 14. HP: 96/106 MP: 26/28
 20983 | Lair:6   | Reached skill level 10 in Dodging
 21029 | Lair:6   | Identified the +1 whip "Ediar" {flame, Fragile Fly rF+++
                  | Will-}
 21112 | Lair:6   | Found a runed translucent door.
 21113 | Lair:6   | Found a shimmering altar of Xom.
 21113 | Lair:6   | Noticed kthxbai's ghost (journeyman MiAK)
 21764 | D:8      | Killed DoubleLucky's ghost
 21930 | D:4      | Killed Jabberih's ghost
 22190 | D:11     | Noticed Sonja
 22204 | D:11     | Killed Sonja
 22645 | D:11     | Reached skill level 10 in Stealth
 23538 | Orc:1    | Entered Level 1 of the Orcish Mines
 23548 | Orc:1    | Noticed Erolcha
 23555 | Orc:1    | Killed Erolcha
 23556 | Orc:1    | Reached skill level 10 in Invocations
 23581 | Orc:1    | Found a dark tunnel.
 23586 | Volcano  | Entered a volcano
 24092 | Orc:1    | Paralysed by an orc sorcerer for 7 turns
 24392 | Orc:1    | Found a runed translucent door.
 24593 | Orc:1    | Noticed Segg's ghost (adept GnSk)
 24808 | Orc:2    | Entered Level 2 of the Orcish Mines
 24853 | Orc:2    | Found a staircase to the Elven Halls.
 25107 | Orc:2    | Noticed Maurice
 25115 | Orc:2    | Killed Maurice
 25358 | Orc:2    | Found Huff's Assorted Antiques.
 25374 | Orc:2    | Bought a faintly glowing scale mail for 207 gold pieces
 25374 | Orc:2    | Identified the +0 scale mail of the Present {Harm} (You
                  | bought it in a shop on level 2 of the Orcish Mines)
 25497 | Orc:2    | Found Usoow's Weapon Shoppe.
 25559 | Orc:2    | Found Wugyts's Jewellery Boutique.
 25610 | Orc:2    | Found Duikoid's Weapon Shoppe.
 25690 | Orc:2    | Found Foic Mab's Antique Weapon Boutique.
 26145 | Orc:2    | Found a runed translucent gate.
 26146 | Orc:2    | Found a runed translucent gate.
 26146 | Orc:2    | Identified the +8 chain mail of Dramatic Exits {Str+2 SInv}
 26147 | Orc:2    | Found a runed translucent gate.
 26147 | Orc:2    | Noticed Tutankhamun's ghost (journeyman FoFi)
 26148 | Orc:2    | Identified the amulet "Kuos" {Acrobat rElec Int+4}
 26153 | Orc:2    | Identified the +8 hand axe "Tuzugota" {vorpal, +Blink rPois
                  | rC- Int+4}
 26296 | Orc:2    | Killed Tutankhamun's ghost
 26468 | Orc:2    | Reached XP level 15. HP: 106/115 MP: 29/29
 26504 | Orc:2    | Identified the +1 pair of boots "Oxzuen" {rElec rC- Int+8}
 27152 | D:12     | Identified the +6 chain mail "Juev" {Rampage Int+4}
 27976 | D:13     | Found a flagged portal.
 27989 | Bailey   | Entered a bailey
 28097 | Bailey   | Found an iron altar of Okawaru.
 28333 | Bailey   | Learned a level 6 spell: Death Channel
 28354 | Bailey   | Acquired the amulet of the Middle {Reflect rElec Slay+2
                  | SH+5}
 28881 | D:13     | Noticed Iplucs's ghost (journeyman FeBe)
 28969 | D:13     | Reached skill level 10 in Fighting
 28969 | D:13     | Reached skill level 10 in Short Blades
 28969 | D:13     | Reached skill level 10 in Long Blades
 28969 | D:13     | Reached skill level 10 in Axes
 28969 | D:13     | Reached skill level 10 in Maces & Flails
 28969 | D:13     | Reached skill level 10 in Polearms
 28969 | D:13     | Reached skill level 10 in Staves
 28969 | D:13     | Reached skill level 10 in Slings
 28969 | D:13     | Reached skill level 10 in Bows
 28969 | D:13     | Reached skill level 10 in Crossbows
 28969 | D:13     | Reached skill level 10 in Throwing
 28969 | D:13     | Reached skill level 10 in Armour
 28969 | D:13     | Reached skill level 10 in Shields
 28969 | D:13     | Reached skill level 10 in Unarmed Combat
 28969 | D:13     | Reached skill level 10 in Evocations
 29070 | D:13     | Found a runed translucent gate.
 29070 | D:13     | Found a runed translucent gate.
 29070 | D:13     | Found a runed translucent gate.
 29665 | D:14     | Noticed Nessos
 29673 | D:14     | Killed Nessos
 29949 | D:14     | Found a basalt altar of Yredelemnul.
 30219 | D:14     | Noticed Agnes
 30232 | D:14     | Killed Agnes
 30426 | D:14     | Found Beclig's General Store.
 30678 | D:14     | Found a gate to the Vaults.
 30845 | D:14     | Noticed Snorg
 30862 | D:14     | Killed Snorg
 31282 | D:15     | Entered Level 15 of the Dungeon
 31298 | D:15     | Found a staircase to the Depths.
 31340 | D:15     | Found an opulent altar of Gozag.
 32196 | D:15     | Reached XP level 16. HP: 119/123 MP: 29/31
 32662 | Spider:1 | Entered Level 1 of the Spider Nest
 35504 | Spider:2 | Identified the +6 quarterstaff of the Yoke {drain, rPois
                  | rF+ Str+4}
 36209 | Spider:3 | Noticed Nikola
 36220 | Spider:3 | Killed Nikola
 37033 | Spider:4 | Entered Level 4 of the Spider Nest
 37062 | Spider:4 | Reached XP level 17. HP: 106/131 MP: 2/33
 37378 | Spider:4 | Noticed Roxanne
 37433 | Spider:4 | Killed Roxanne
 37573 | Spider:4 | Learned a level 6 spell: Statue Form
 37686 | Spider:4 | Noticed Asterion
 37698 | Spider:4 | Killed Asterion
 38242 | Spider:4 | Noticed Arachne
 38277 | Spider:4 | Killed Arachne
 39066 | Spider:4 | Got a gossamer rune of Zot
 39543 | Shoals:1 | Entered Level 1 of the Shoals
 39640 | Shoals:1 | Found a runed translucent door.
 39661 | Shoals:1 | Found a corrupted altar of Lugonu.
 39661 | Shoals:1 | Found a one-way gate to the infinite horrors of the Abyss.
 40239 | Shoals:1 | Noticed Donald
 40257 | Shoals:1 | Killed Donald
 40258 | Shoals:1 | Reached skill level 10 in Conjurations
 40258 | Shoals:1 | Reached skill level 10 in Hexes
 40258 | Shoals:1 | Reached skill level 10 in Summonings
 40258 | Shoals:1 | Reached skill level 10 in Translocations
 40258 | Shoals:1 | Reached skill level 10 in Transmutations
 40258 | Shoals:1 | Reached skill level 10 in Fire Magic
 40258 | Shoals:1 | Reached skill level 10 in Ice Magic
 40258 | Shoals:1 | Reached skill level 10 in Air Magic
 40258 | Shoals:1 | Reached skill level 10 in Earth Magic
 40258 | Shoals:1 | Reached skill level 10 in Poison Magic
 42517 | Shoals:3 | Noticed Ilsuiw
 42520 | Shoals:3 | Noticed Mara
 42523 | Shoals:3 | Noticed DearestLeader's illusion
 42560 | Shoals:3 | Hit by a javelin thrown by a merfolk javelineer

Illustrated notes

Levels and vault maps discovered:
D:1:      lemuel_arrival_hallway, layout_loops_ring, serial_shops, shop,
          serial_bayou, serial_bayou_pond_b, serial_bayou_pond_e,
          serial_bayou_lagoon_a, serial_bayou_pond_d, serial_bayou_pond_c,
          serial_bayou_shore_a, chequers_serial_rivers_micro_d,
          chequers_serial_rivers_room_b, hangedman_decor_push,
          minmay_pentomino_p2
D:2:      layout_basic, uniq_sigmund
D:3:      layout_rooms, serial_shops, shop, shop_statue, nicolae_diamond_shop,
          chequers_big_river, st_stairs_1
D:4:      layout_cave_pods, minmay_temple_entry_waves,
          nicolae_ossuary_entry_false_entrances, gammafunk_ghost_split
D:5:      layout_basic, nicolae_overflow_hidden_temple,
          kennysheep_generic_room_3
D:6:      layout_gridville, pf_just_have_faith, uniq_menkaure
D:7:      layout_basic, gammafunk_temple_overflow_arena,
          nicolae_overflow_quartered_altars, uniq_crazy_yiuf_cottage,
          uniq_duvessa
D:8:      layout_cave_pools, mainiacjoe_overflow_six_doors_small,
          hellmonk_ghost_happy_afterlife
D:9:      minmay_the_grid_square_5x5_4x4 [minmay_the_grid_square_5x5_bracketed,
          minmay_the_grid_square_5x5_three_small,
          minmay_the_grid_square_5x5_six, minmay_the_grid_square_5x5_fat_x,
          minmay_the_grid_square_5x5_one_wall,
          minmay_the_grid_square_5x5_prize_monsterx,
          minmay_the_grid_square_5x5_prize_gold,
          minmay_the_grid_square_5x5_tetrominoes,
          minmay_the_grid_square_5x5_meh, minmay_the_grid_square_5x5_prize_junk,
          minmay_the_grid_square_5x5_prize_open,
          minmay_the_grid_square_5x5_corner,
          minmay_the_grid_square_5x5_two_small,
          minmay_the_grid_square_5x5_seven, minmay_the_grid_square_5x5_bridge,
          minmay_the_grid_square_5x5_dogpile], layout_irregular_city,
          minmay_orc_entry_guard_dogs, serial_shops, kennysheep_mini_moat,
          minivault_23
D:10:     layout_gridville, lair_entry_dummy
D:11:     minmay_octagon_keep, layout_long_grid, uniq_sonja
D:12:     layout_layer_cave
D:13:     layout_long_grid, gammafunk_ghost_icy, enter_bailey_4
D:14:     layout_long_grid, david_vaults_1, serial_shops, nicolae_shop_crystal,
          nicolae_yredelemnul_corpse_copse, uniq_nessos, uniq_snorg, uniq_agnes
D:15:     grunt_enter_depths_giant_problem, layout_irregular_city,
          nicolae_gozag_seed_capital, grunt_ministairs_11
Temple:   jpeg_temple_clearing
Lair:1:   layout_layer_cave, lemuel_fruit_tree
Lair:2:   gammafunk_worm_tunnel, layout_hall_layers, shoals_dummy_entry
Lair:3:   beast_lair_carwin_large_1, layout_cave_pods
Lair:4:   layout_cellular_growth, spider_nest_entry_rubble, grunt_megastairs_5,
          minmay_lair_oklob_chamber
Lair:5:   layout_hall_layers, grunt_forest_stairs_clearing, lemuel_fruit_fields
Lair:6:   minmay_lair_end_frog_pond, layout_loops_ring,
          dpeg_slime_entry_enclosed_altar, ebering_ghost_xom
Shoals:1: layout_shoals, nicolae_shoals_abyss_on_the_beach, uniq_donald
Shoals:2: layout_shoals, nicolae_shoals_elemental_ambush
Shoals:3: layout_shoals, serial_shops, shop, nicolae_shop_trees,
          nicolae_shoals_hidden_pirate_stash, uniq_mara, uniq_ilsuiw
Spider:1: layout_chambers, nicolae_spider_scorpion_nest
Spider:2: layout_spider_delve, worms_lemuel
Spider:3: layout_spider_delve, uniq_nikola
Spider:4: guppyfry_spider_rune, uniq_asterion, uniq_roxanne, uniq_arachne
Orc:1:    layout_caves, ebering_ghost_reflecting_pool,
          nicolae_volcano_entry_s_turn, basic_altar, uniq_erolcha
Orc:2:    st_orc_town, layout_caves, biasface_ghost_orc_armoury, serial_shops,
          shop_coins, uniq_maurice

Skill      XL: |  1  2  3  4  5  6  7  8  9 10 11 12 13 14 15 16 17 |
---------------+----------------------------------------------------+-----
Spellcasting   | 5 6 7 8 9 10 11 12 | 12.7
Invocations    | 1 2 3 4 5 6 7 8 9 10 11 12 | 12.8
Fighting       | 1 2 3 4 5 6 7 8 9 10 11 | 11.8
Short Blades   | 1 2 3 4 5 6 7 8 9 10 11 | 11.8
Long Blades    | 1 2 3 4 5 6 7 8 9 10 11 | 11.8
Axes           | 1 2 3 4 5 6 7 8 9 10 11 | 11.8
Maces & Flails | 1 2 3 4 5 6 7 8 9 10 11 | 11.8
Polearms       | 1 2 3 4 5 6 7 8 9 10 11 | 11.8
Staves         | 1 2 3 4 5 6 7 8 9 10 11 | 11.8
Slings         | 1 2 3 4 5 6 7 8 9 10 11 | 11.8
Bows           | 1 2 3 4 5 6 7 8 9 10 11 | 11.8
Crossbows      | 1 2 3 4 5 6 7 8 9 10 11 | 11.8
Throwing       | 1 2 3 4 5 6 7 8 9 10 11 | 11.8
Armour         | 1 2 3 4 5 6 7 8 9 10 11 | 11.8
Shields        | 1 2 3 4 5 6 7 8 9 10 11 | 11.8
Unarmed Combat | 1 2 3 4 5 6 7 8 9 10 11 | 11.8
Evocations     | 1 2 3 4 5 6 7 8 9 10 11 | 11.8
Conjurations   | 1 2 3 4 5 6 7 8 9 10 | 10.1
Hexes          | 1 2 3 4 5 6 7 8 9 10 | 10.1
Summonings     | 1 2 3 4 5 6 7 8 9 10 | 10.1
Translocations | 1 2 3 4 5 6 7 8 9 10 | 10.1
Transmutations | 1 2 3 4 5 6 7 8 9 10 | 10.1
Fire Magic     | 1 2 3 4 5 6 7 8 9 10 | 10.1
Ice Magic      | 1 2 3 4 5 6 7 8 9 10 | 10.1
Air Magic      | 1 2 3 4 5 6 7 8 9 10 | 10.1
Earth Magic    | 1 2 3 4 5 6 7 8 9 10 | 10.1
Poison Magic   | 1 2 3 4 5 6 7 8 9 10 | 10.1
Dodging        | 5 6 7 8 9 10 11 12 | 12.6
Stealth        | 5 6 7 8 9 10 11 12 | 12.5
Necromancy     | 8 9 10 11 12 | 12.1

Action                   |  1- 3 |  4- 6 |  7- 9 | 10-12 | 13-15 | 16-18 || total
-------------------------+-------+-------+-------+-------+-------+-------++-------
Melee: Short sword       |    10 |    29 |       |       |       |       ||    39
       Dagger            |       |    10 |       |       |       |       ||    10
       Bite              |       |     3 |    10 |   116 |   290 |   237 ||   656
       Falchion          |       |       |    57 |   407 |  1011 |   768 ||  2243
       Quick blade       |       |       |       |     7 |       |    10 ||    17
 Fire: Hunting sling     |       |    44 |   330 |    61 |     5 |     9 ||   449
Throw: Javelin           |       |       |       |       |       |     1 ||     1
 Cast: Pain              |    68 |    30 |     5 |    25 |    22 |    11 ||   161
       Animate Skeleton  |     2 |     2 |       |    25 |    37 |     4 ||    70
       Vampiric Draining |     1 |     5 |    10 |    64 |    58 |    33 ||   171
       Dispel Undead     |       |       |     6 |     3 |    34 |       ||    43
       Summon Mana Viper |       |       |       |    16 |    85 |    93 ||   194
       Death Channel     |       |       |       |       |    13 |    44 ||    57
Invok: Slouch            |       |       |       |       |       |     2 ||     2
Evoke: Wand              |       |       |       |       |     5 |     1 ||     6
  Use: Scroll            |     1 |     4 |     9 |    10 |     8 |     8 ||    40
       Potion            |     1 |       |     3 |       |     3 |     7 ||    14
 Stab: Sleeping          |     1 |     3 |       |    10 |    15 |     5 ||    34
       Distracted        |       |       |       |     2 |    16 |    35 ||    53
       Paralysed         |       |       |       |       |       |     3 ||     3
Armor: Ring mail         |     5 |    11 |    63 |   195 |   181 |       ||   455
       Skin              |       |       |    10 |       |       |       ||    10
       Chain mail        |       |       |       |       |   175 |   465 ||   640
Dodge: Dodged            |    17 |    29 |    97 |   459 |   930 |   813 ||  2345
Block: Buckler           |       |       |    25 |   197 |   603 |   654 ||  1479
       Reflection        |       |       |       |       |    17 |    12 ||    29
       Kite shield       |       |       |       |       |       |   208 ||   208
       Rpst.: Falchion   |       |       |     9 |   102 |   225 |   146 ||   482
